Map: 2000 Atmospheres LE

Players

A.I. 1 (Harder)

  • Race: Zerg Zerg

Genie - Winner!

  • Race: Zerg Zerg
  • League: Master

VOD

Have the link to the VOD?

Description

Time

  • Played on: Nov. 13, 2021, 9:43 p.m.
  • Length: 6:53
Show
View Real Time Build Order
Export as new Build Order

A.I. 1 (Harder) Zerg 

Build Orders: Hatch First 

Get SALT Encoding   

  12  0:00  Drone  
  13  0:12  Overlord  
  13  0:16  Drone  
  14  0:31  Drone x2  
  14  0:34  Drone  
  17  0:53  Hatchery  
  17  0:56  Drone  
  17  1:12  Spawning Pool  
  17  1:13  Drone  
  17  1:15  Drone  
  18  1:19  Extractor  
  18  1:21  Drone  
  18  1:28  Overlord  
  18  1:38  Drone  
  19  1:59  Queen  
  19  2:00  Zergling x4  
  19  2:01  Roach Warren  
  22  2:04  Drone  
  22  2:07  Extractor  
  22  2:11  Drone  
  23  2:23  Drone  
  23  2:26  Lair  
  24  2:44  Extractor  
  23  2:54  Extractor  
  23  2:55  Drone  
  23  2:58  Drone  
  24  3:20  Drone  
  24  3:23  Drone  
  24  3:26  Overlord, Drone  
  27  3:27  Hydralisk Den  
  26  3:38  Drone  
  27  3:44  Drone  
  27  3:46  Drone  
  29  3:49  Roach, Drone x2  
  29  3:52  Drone  
  29  3:53  Overlord  
  34  3:58  Lurker Den  
  34  4:01  Roach  
  35  4:03  Drone  
  35  4:05  Drone  
  35  4:09  Drone  
  38  4:13  Roach  
  40  4:25  Overlord, Hydralisk  
  42  4:38  Roach  
  44  4:50  Roach  
  46  4:53  Overlord  
  46  4:56  Drone  
  46  4:58  Drone  
  48  5:01  Drone  
  48  5:02  Roach  
  48  5:04  Drone  
  53  5:07  Drone  
  53  5:11  Drone  
  53  5:13  Hydralisk  
  54  5:15  Overlord  
  54  5:17  Drone  
  54  5:21  Drone  
  56  5:23  Drone  
  56  5:26  Hydralisk  
  43  5:38  Roach  
  43  5:40  Infestation Pit  
  44  5:46  Queen  
  46  5:51  Roach  
  39  6:03  Roach  
  30  6:13  Hydralisk  
  30  6:17  Hydralisk  
  28  6:29  Drone  
Show
View Real Time Build Order
Export as new Build Order

Genie Zerg - Winner!

Build Orders: Hatch First 

Get SALT Encoding   

  12  0:00  Drone  
  13  0:12  Overlord  
  13  0:16  Drone  
  14  0:30  Drone x2  
  16  0:47  Hatchery  
  15  0:50  Drone  
  15  0:53  Drone  
  17  1:08  Spawning Pool  
  17  1:09  Extractor  
  15  1:12  Drone  
  15  1:17  Drone  
  17  1:19  Drone  
  18  1:27  Drone  
  19  1:38  Drone  
  20  1:50  Overlord  
  20  1:55  Queen  
  20  1:58  Queen  
  24  2:02  Drone x2  
  26  2:11  Zergling x4  
  28  2:21  Drone x2  
  30  2:31  Overlord  
  30  2:38  Lair  
  30  2:39  Queen  
  32  2:46  Evolution Chamber  
  32  2:47  Drone  
  32  2:49  Drone  
  33  2:59  Drone x2  
  35  3:05  Roach Warren  
  35  3:07  Drone x2  
  35  3:08  Drone x3  
  39  3:15  Zerg Missile Weapons Level 1  
  39  3:21  Drone x4  
  39  3:24  Extractor  
  42  3:29  Evolution Chamber  
  42  3:33  Drone  
  42  3:35  Extractor  
  42  3:38  Overlord  
  41  3:41  Queen  
  41  3:47  Glial Reconstitution  
  43  4:00  Roach x4  
  43  4:01  Overlord  
  51  4:08  Overlord x2  
  51  4:21  Roach x4  
  59  4:28  Roach x2  
  59  4:30  Roach  
  65  4:35  Roach x2  
  69  4:39  Roach  
  69  4:43  Roach  
  73  4:48  Roach  
  73  4:49  Overlord  
  75  4:53  Overlord  
  75  5:06  Overlord x2  
  75  5:08  Roach x2  
  75  5:13  Roach  
  81  5:15  Roach  
  81  5:19  Roach  
  83  5:24  Roach x2  
  83  5:27  Roach  
  85  5:30  Roach  
  85  5:34  Roach  
  89  5:39  Roach  
  91  5:46  Roach x3  
  97  5:51  Roach  
  97  5:54  Overlord  
  99  5:57  Roach  
  99  6:03  Roach x2  
  103  6:08  Roach  
  105  6:14  Overlord  
  105  6:16  Roach  
  105  6:17  Roach  
  109  6:20  Roach  
  109  6:24  Roach  
  113  6:27  Roach  
  115  6:34  Roach, Overlord  
Tags
 
Add a new tag
Caveats
  • Supply blocks, unpowered buildings, or Contaminate may cause inaccurate times.
  • Supply counts are checked every 10 seconds.